 Dungeon Crawl Stone Soup version 0.29-a0-187-ga23d9638d5 (webtiles) character file.

Game seed: 2614456812782151928

740 cyrus the Chopper (level 7, 0/37 HPs)
             Began as a Vine Stalker Fighter on Feb 21, 2022.
             Was a Priest of Jiyva.
             Slain by a killer bee (2 damage)
             ... on level 4 of the Dungeon.
             The game lasted 00:08:32 (3246 turns).

cyrus the Chopper (Vine Stalker Fighter)            Turns: 3246, Time: 00:08:33

Health: 0/37       AC: 17    Str: 18    XL:     7   Next: 75%
Magic:  0/8        EV:  5    Int: 10    God:    Jiyva [***...]
Gold:   85         SH:  7    Dex: 14    Spells: 6/6 levels left

rFire   . . .      SeeInvis .   a - +0 war axe
rCold   . . .      Faith    .   r - +2 buckler
rNeg    . . .      Spirit   +   p - +0 plate armour
rPois   .          Reflect  .   (no helmet)
rElec   .          Harm     .   (no cloak)
rCorr   +          Rampage  .   (no gloves)
Will    .....                   (no boots)
Stlth   ..........              (no amulet)
HPRegen 2.04/turn               (no ring)
MPRegen 0.46/turn               (no ring)

@: lethally poisoned (0 -> -1)
A: fangs 2, regeneration 1, magic shield, antimagic bite, no potion heal 2,
iridescent scales 3, eyeballs 1
a: Renounce Religion, Oozemancy


You were on level 4 of the Dungeon.
You worshipped Jiyva.
Jiyva was most pleased with you.
You visited 1 branch of the dungeon, and saw 4 of its levels.
You also visited: Ossuary.

You collected 85 gold pieces.

Inventory:

Hand Weapons
 a - a +0 war axe (weapon)
Missiles
 i - a throwing net (quivered)
Armour
 b - a +0 scale mail
 c - a +0 buckler
 l - the +4 robe of Vuoxigarph {rN+ rCorr Int+6 Slay-3}
   (You found it on level 2 of the Dungeon)

   Int:       It affects your intelligence (+6).
   Slay:      It affects your accuracy & damage with ranged weapons and melee
   (-3).
   rN:        It protects you from negative energy.
   rCorr:     It protects you from acid and corrosion.
 p - a +0 plate armour (worn)
 r - a +2 buckler (worn)
Scrolls
 g - a scroll of enchant weapon {unknown}
 h - a scroll of vulnerability {unknown}
 k - a scroll of identify {unknown}
 o - a scroll of noise {unknown}
 q - a scroll of blinking {unknown}
Potions
 e - a potion of curing {unknown}
 f - 2 potions of invisibility {unknown}
 j - a potion of haste {unknown}
 m - a potion of mutation {unknown}
 n - a potion of flight {unknown}


   Skills:
 + Level 4.2 Fighting
 + Level 5.5 Axes
 + Level 3.9 Armour
 + Level 1.1 Dodging
 + Level 0.6 Stealth
 + Level 3.2 Shields


You had 6 spell levels left.
You didn't know any spells.
Your spell library contained the following spells:

 Spells                   Type           Power      Damage    Failure   Level
 Animate Skeleton         Necr           0%         N/A       100%        1
 Apportation              Tloc           0%         N/A       100%        1
 Summon Small Mammal      Summ           0%         N/A       100%        1


Dungeon Overview and Level Annotations

Branches:
Dungeon (4/15)            Ossuary (visited)
 Temple: D:4-7

Altars:
Elyvilon
Jiyva

Shops:
D:1 *

Annotations:
D:4 Sigmund


Innate Abilities, Weirdness & Mutations

You have extremely sharp teeth.
Your natural rate of healing is unusually fast.
When hurt, damage is shared between your health and your magic reserves.
Your bite disrupts and absorbs the magic of your enemies.
Potions cannot restore your health.
You are completely covered in iridescent scales. (AC +6)
Your body has grown eyes which may confuse attackers. (Acc +3)


Message History

The killer bee stings you but does no damage.
You block the killer bee's attack. The killer bee barely misses you.
The killer bee stings you but does no damage.
The killer bee stings you.
You hear a distant slurping noise.
You block the killer bee's attack. The killer bee completely misses you.
You hit the killer bee but do no damage.
You bite the killer bee.
You kill the killer bee!
You miss the killer bee. You closely miss the killer bee.
You strike the helpless killer bee from behind!
You hit the killer bee.
You kill the killer bee!
You miss the killer bee.
You feel very sick.
The killer bee stings you but does no damage.
You block the killer bee's attack. x2; The killer bee stings you.
* * * LOW HITPOINT WARNING * * *
You are more poisoned.
The killer bee poisons you!
The killer bee stings you but does no damage.
Something hits you!
* * * LOW HITPOINT WARNING * * *
The killer bee stings you but does no damage.
The killer bee stings you.
* * * LOW HITPOINT WARNING * * *
The killer bee stings you but does no damage.
* * * LOW HITPOINT WARNING * * *
You feel very sick. The killer bee barely misses you.
You block the killer bee's attack.
The killer bee stings you but does no damage. x2
* * * LOW HITPOINT WARNING * * *
You feel very sick. The killer bee barely misses you.
The killer bee stings you but does no damage.
You block the killer bee's attack.
You feel sick. The killer bee barely misses you.
The killer bee stings you but does no damage.
The killer bee stings you.
You die...

...............#..#####.#
...............#......#.#...####.
......................#.#..#.....
.#....#.####..........#.#.......#
#. . #..........#.#.......
#.#.#........#.....#.#
...#.#...##†..# ......###
####.....y.†..####.......
.......@y...............
#...#...y...............
..#####...............##
#..........#......#
#.#..........#....#
#.#.......#....##.# .
#.############ .# ## #.# .#


You could see 3 killer bees.

Vanquished Creatures
  Menkaure (D:4)
  2 ogres
  An elf zombie (Ossuary)
  A water moccasin skeleton (D:4)
  2 killer bees (D:4)
  A centaur zombie (Ossuary)
  2 hounds (D:4)
  An iguana (D:4)
  A hound skeleton (D:4)
  2 mummies (Ossuary)
  4 adders
  3 adder zombies (Ossuary)
  2 worms (D:2)
  A dart slug (D:4)
  An orc (D:3)
  A bat (D:1)
  3 endoplasms (D:1)
  3 goblins
  4 hobgoblins (D:1)
  2 jackals (D:1)
  8 kobolds
  A quokka (D:4)
  5 ball pythons
  4 frilled lizards
  8 hobgoblin zombies (Ossuary)
  A jackal zombie (Ossuary)
  9 kobold zombies (Ossuary)
  8 orc zombies (Ossuary)
  3 rats (D:1)
  A rat zombie (Ossuary)
86 creatures vanquished.

Vanquished Creatures (others)
  A jelly (D:4)
  A hound (D:3)
  A centaur zombie (Ossuary)
  An adder (D:2)
  2 worms (D:2)
  2 dart slugs
  6 orcs
  A bat (D:2)
  2 endoplasms
  3 goblins
  A hobgoblin (D:3)
  A ball python (D:3)
  A jackal zombie (Ossuary)
  3 kobolds (D:3)
  2 kobold zombies (Ossuary)
  A rat zombie (Ossuary)
29 creatures vanquished.

Grand Total: 115 creatures vanquished

Notes
Turn   | Place    | Note
-------+----------+-------------------------------------------
     0 | D:1      | cyrus the Vine Stalker Fighter began the quest for the Orb.
     0 | D:1      | Reached XP level 1. HP: 11/11 MP: 2/2
    60 | D:1      | Found Etwaduym's Assorted Antiques.
   387 | D:1      | Reached XP level 2. HP: 9/16 MP: 1/3
  1031 | D:1      | Reached skill level 2 in Axes
  1138 | D:1      | Reached XP level 3. HP: 19/19 MP: 4/4
  1276 | D:1      | Found a faded altar of an unknown god.
  1316 | D:1      | Prayed at the altar of an unknown god.
  1316 | D:1      | Became a worshipper of Jiyva Japivigh the Shapeless
  1316 | D:1      | Reached * piety under Jiyva
  1521 | D:2      | Identified the +4 robe of Vuoxigarph {rN+ rCorr Int+6
                  | Slay-3}
  1667 | D:2      | Reached ** piety under Jiyva
  1750 | D:2      | Gained mutation: Your natural rate of healing is unusually
                  | fast. [Vine Stalker growth]
  1750 | D:2      | Reached XP level 4. HP: 17/24 MP: 2/5
  2301 | D:3      | Noticed an ogre
  2308 | D:3      | Killed an ogre
  2309 | D:3      | Reached skill level 3 in Axes
  2309 | D:3      | Reached XP level 5. HP: 28/28 MP: 6/6
  2347 | D:3      | Found a white marble altar of Elyvilon.
  2361 | D:3      | Reached *** piety under Jiyva
  2449 | D:3      | Gained mutation: You are partially covered in iridescent
                  | scales. (AC +2) [Jiyva's grace]
  2449 | D:3      | Gained mutation: You are mostly covered in iridescent
                  | scales. (AC +4) [Jiyva's grace]
  2449 | D:3      | Gained mutation: You are completely covered in iridescent
                  | scales. (AC +6) [Jiyva's grace]
  2449 | D:3      | Gained mutation: Your body has grown eyes which may confuse
                  | attackers. (Acc +3) [Jiyva's grace]
  2701 | D:4      | Noticed Menkaure
  2728 | D:4      | Killed Menkaure
  2729 | D:4      | Reached skill level 1 in Dodging
  2729 | D:4      | Reached XP level 6. HP: 33/33 MP: 7/7
  2731 | D:4      | Found a sand-covered staircase.
  2738 | Ossuary  | Entered an ossuary
  2884 | Ossuary  | Reached skill level 4 in Axes
  2948 | Ossuary  | Reached XP level 7. HP: 37/37 MP: 8/8
  3147 | D:4      | Reached skill level 5 in Axes
  3230 | D:4      | Noticed Sigmund
  3246 | D:4      | Slain by a killer bee

Illustrated notes

Levels and vault maps discovered:
D:1:      zelgadis_glass_arrival_small, layout_basic, serial_shops, shop,
          basic_ecumenical_altar, minmay_misc_feat_enclosed,
          minmay_misc_feat_rugged, minmay_misc_feat_more_columns,
          minmay_distorted
D:2:      layout_basic, hangedman_decor_points
D:3:      layout_basic, elyvilon_altar_4
D:4:      layout_rooms, nicolae_ru_the_path_less_chosen,
          nicolae_ossuary_entry_plus, serial_co_window_serial,
          co_window_of_opportunity_a, co_window_of_opportunity_a,
          co_window_paths_a, co_window_paths_a, co_window_of_opportunity_a,
          co_window_of_opportunity_a, co_window_corner_a, co_window_paths_b,
          co_window_cross_1, co_window_broadway_c, co_window_cross_3,
          co_window_cross_2, glass_columns_b, glass_columns_a, glass_columns_a,
          glass_columns_b, glass_columns_a, uniq_sigmund, uniq_menkaure,
          uniq_natasha

Skill      XL: |  1  2  3  4  5  6  7 |
---------------+----------------------+-----
Axes           | 2 3 4 5 |  5.5
Fighting       | 3 4 |  4.2
Armour         | 3 |  3.9
Dodging        | 1 |  1.1
Shields        | 3 |  3.2
Stealth        | |  0.6

Action                   |  1- 3 |  4- 6 |  7- 9 || total
-------------------------+-------+-------+-------++-------
Melee: War axe           |    88 |    89 |    38 ||   215
       Bite              |    11 |    24 |     9 ||    44
  Use: Potion            |       |       |     1 ||     1
 Stab: Confused          |       |     1 |     1 ||     2
Armor: Scale mail        |    56 |    21 |       ||    77
       Plate armour      |       |    26 |    51 ||    77
Dodge: Dodged            |    51 |    33 |    30 ||   114
Block: Buckler           |    23 |    17 |    25 ||    65

Table legend: (Time is in decaauts)
 A = Elapsed time spent in this place.
 B = Non-inter-level travel time spent in this place.
 C = Inter-level travel time spent in this place.
 D = Time resting spent in this place.
 E = Time spent auto-exploring this place.
 F = Levels seen in this place.
 G = Mean time per level.
                   A        B        C        D        E       F      G
               +--------+--------+--------+--------+--------+-----+--------+
         Total |   3327 |   3247 |     80 |    676 |   1672 |   5 |  665.4 |
       Dungeon |   3020 |   2940 |     80 |    676 |   1662 |   4 |  755.0 |
       Ossuary |    306 |    306 |      0 |      0 |     10 |   1 |  306.0 |
               +--------+--------+--------+--------+--------+-----+--------+

Top non-repeatable levels by time:
     D:1: 1352 daAuts
     D:2: 911 daAuts
     D:3: 481 daAuts
 Ossuary: 306 daAuts
     D:4: 274 daAuts
